 Dungeon Crawl Stone Soup version 0.23.2 (webtiles) character file.

Game seed: 3724344923967598548

69 Kairos the Skirmisher (level 4, 1/37 HPs)
             Began as a Formicid Abyssal Knight on Apr 9, 2019.
             Was a Follower of Lugonu.
             Quit the game on level 2 of the Dungeon.
             The game lasted 00:02:09 (1166 turns).

Kairos the Skirmisher (Formicid Abyssal Knight)     Turns: 1166, Time: 00:02:10

Health: 1/37       AC:  8    Str: 18    XL:     4   Next: 42%
Magic:  5/5        EV:  4    Int: 11    God:    Lugonu [*.....]
Gold:   36         SH:  7    Dex: 10    Spells: 3/3 levels left

rFire    . . .     SeeInvis +   a - +1 spear
rCold    . . .     Gourm    .   g - +0 shield
rNeg     . . .     Faith    .   d - +0 chain mail
rPois    .         Spirit   .   (helmet unavailable)
rElec    .         Reflect  .   (no cloak)
rCorr    .         Harm     .   (no gloves)
MR       .....                  (no boots)
Stlth    ..........             (no amulet)
HPRegen  0.12/turn              (no ring)
MPRegen  0.09/turn              (no ring)

@: lethally poisoned (1 -> 0), very slightly contaminated, invisible
A: permanent stasis, dig shafts and tunnels, four strong arms, antennae 3
a: Dig, Shaft Self, Depart the Abyss, Renounce Religion


You were on level 2 of the Dungeon.
You worshipped Lugonu.
Lugonu was aware of your devotion.
You were very hungry.

You visited 1 branch of the dungeon, and saw 2 of its levels.
You visited the Abyss 1 time.

You collected 36 gold pieces.

Inventory:

Hand Weapons
 a - a +1 spear (weapon)
Missiles
 e - 23 arrows
Armour
 b - a +0 leather armour
 d - a +0 chain mail (worn)
 g - a +0 shield (worn)
Jewellery
 l - a +4 ring of protection {unknown}
Scrolls
 f - a scroll of amnesia {unknown}
 h - a scroll of random uselessness
 i - 2 scrolls of identify
 k - a scroll of fear {unknown}
Comestibles
 c - 4 rations


   Skills:
 + Level 3.9 Fighting
 + Level 3.2 Polearms
 + Level 2.5 Armour
 + Level 1.2 Dodging
 + Level 0.8 Shields
 + Level 2.4 Invocations


You had 3 spell levels left.
You didn't know any spells.
Your spell library was empty.

Dungeon Overview and Level Annotations

Branches:
Dungeon (2/15)

Altars:


Innate Abilities, Weirdness & Mutations

You cannot be hasted, slowed, berserked, paralysed or teleported.
You can dig through walls and to a lower floor.
Your four strong arms can wield two-handed weapons with a shield.
You have a pair of large antennae on your head. (SInv)


Message History

The adder barely misses you.
You hit the adder.
The adder is almost dead.
* * * LOW HITPOINT WARNING * * *
You feel sick. The adder bites you but does no damage.
You hit the adder.
You kill the adder!
Lugonu accepts your kill.
You see here an adder corpse.
There is a lethal amount of poison in your body!
There is a lethal amount of poison in your body!
There is a lethal amount of poison in your body!
There is a lethal amount of poison in your body!
There is a lethal amount of poison in your body!
There is a lethal amount of poison in your body!
You fade into invisibility!
You are very lightly contaminated with residual magic.
Unknown command.
There is a lethal amount of poison in your body!
Are you sure you want to abandon this character and quit the game? (Confirm with "yes".)

###############
#......@.)....#
#.###########'######### #.#
................# #.#
...........####.# #(#
...........# #.#
......†.......>........# #.#
#######.###............####.#
#.# #####+#'##......## #.#
#....#..####..


There were no monsters in sight!

Vanquished Creatures
  2 adders (D:2)
  An ooze (D:2)
  2 dart slugs
  A leopard gecko (D:1)
  4 bats
  A giant cockroach (D:1)
  4 goblins (D:1)
  6 hobgoblins
  2 jackals (D:1)
  7 kobolds
  7 frilled lizards
  5 rats (D:1)
42 creatures vanquished.

Notes
Turn   | Place    | Note
-------+----------+-------------------------------------------
     0 | Abyss:1  | Kairos the Formicid Abyssal Knight began the quest for the
                  | Orb.
     0 | Abyss:1  | Reached XP level 1. HP: 18/18 MP: 2/2
     4 | Abyss:1  | Found a corrupted altar of Lugonu.
    51 | Abyss:2  | Found a corrupted altar of Lugonu.
    55 | Abyss:2  | Found a corrupted altar of Lugonu.
    62 | Abyss:2  | Noticed a large abomination
    91 | Abyss:2  | Noticed a large abomination
    91 | Abyss:2  | Noticed a ynoxinul
    95 | D:1      | Escaped the Abyss
   165 | D:1      | Reached XP level 2. HP: 24/24 MP: 3/3
   208 | D:1      | Reached * piety under Lugonu
   410 | D:1      | Reached XP level 3. HP: 30/30 MP: 4/4
   571 | D:1      | Reached skill level 1 in Dodging
  1054 | D:2      | Reached XP level 4. HP: 35/37 MP: 5/5
  1160 | D:2      | HP: 1/37 [adder (4)]
  1166 | D:2      | Quit the game

Skill      XL: |  1  2  3  4 |
---------------+-------------+-----
Dodging        | 1 |  1.2
Polearms       | 3 |  3.2
Fighting       | |  3.9
Armour         | |  2.5
Shields        | |  0.8
Invocations    | |  2.4

Action                   |  1- 3 |  4- 6 || total
-------------------------+-------+-------++-------
Melee: Spear             |   142 |    35 ||   177
Invok: Depart the Abyss  |     1 |       ||     1
 Abil: Dig               |     1 |       ||     1
  Use: Scroll            |     4 |       ||     4
       Potion            |       |     1 ||     1
Armor: Leather armour    |     2 |       ||     2
       Chain mail        |    72 |    19 ||    91
Dodge: Dodged            |    20 |    11 ||    31
Block: Shield            |    33 |    11 ||    44
